 Dungeon Crawl Stone Soup version 0.31-a0-1181-g57eb4e83fd (webtiles) character file.

Game seed: 8764276506820392119

395 qw the Shooter (level 6, -17/38 HPs)
             Began as a Gargoyle Hunter on Dec 11, 2023.
             Demolished by a wight
             ... wielding a +2 heavy halberd
              (19 damage)
             ... on level 4 of the Dungeon.
             The game lasted 00:01:29 (2734 turns).

qw the Shooter (Gargoyle Hunter)                    Turns: 2734, Time: 00:01:30

Health: -17/38     AC:  9    Str: 15    XL:     6   Next: 82%
Magic:  6/6        EV: 11    Int:  9    God:
Gold:   222        SH:  0    Dex: 15    Spells: 5/5 levels left

rFire   . . .        a - +1 shortbow
rCold   . . .        (shield currently unavailable)
rNeg    + . .        b - +0 ring mail
rPois   inf          (no helmet)
rElec   +            (no cloak)
rCorr   .            (no gloves)
SInv    .            (no boots)
Will    .....        g - amulet of faith
Stlth   +            (no ring)
HPRegen 0.26/turn    (no ring)
MPRegen 0.10/turn

%: faith
@: no status effects
A: sickness immunity, AC +4, negative energy resistance 1, electricity
resistance, torment resistance 1, petrification resistance
a: no special abilities


You were on level 4 of the Dungeon.
You visited 1 branch of the dungeon, and saw 4 of its levels.

You collected 222 gold pieces.


Innate Abilities, Weirdness & Mutations

You are immune to sickness and miasma.
Your stone body is resilient. (AC +4)
You are immune to poison.
You resist negative energy. (rN+)
You are resistant to electric shocks. (rElec)
You are resistant to unholy torment.
You are immune to petrification.


   Skills:
 - Level 4.0 Fighting
 + Level 7.1 Ranged Weapons
 - Level 1.0 Armour
 - Level 1.5 Dodging
 - Level 1.1 Stealth


You had 5 spell levels left.
You didn't know any spells.
Your spell library was empty.

Inventory:

Hand Weapons
 a - a +1 shortbow (weapon)
Armour
 b - a +0 ring mail (worn)
 f - the +1 helmet "Qeod" {-Tele Str+5}
   (You took it off Robin on level 3 of the Dungeon)

   Str+5:     It affects your strength (+5).
   -Tele:     It prevents most forms of teleportation.
Jewellery
 c - a +6 ring of dexterity
 g - an amulet of faith (around neck)
Scrolls
 d - a scroll of noise {unknown}
 e - a scroll of identify

Dungeon Overview and Level Annotations

Branches:
Dungeon (4/15)
 Temple: D:4-7

Altars:
Makhleb
Ru


Message History

You shoot an arrow. The arrow hits the wight.
The wight is moderately damaged.
The wight hits you with a +2 short sword.
You shoot an arrow. The arrow closely misses the wight.
The wight barely misses you.
The wight hits you from afar with a +2 heavy halberd!
You shoot an arrow. The arrow hits the wight.
The wight is severely damaged.
The wight barely misses you. The wight closely misses you.
The wight barely misses you.
You shoot an arrow. The arrow hits the wight!
You destroy the wight!
The wight hits you from afar with a +2 heavy halberd.
Your Ranged Weapons skill increases to level 7!
You shoot an arrow. The arrow hits the wight.
The wight is moderately damaged.
You shoot an arrow. The arrow barely misses the wight.
The wight misses you.
You shoot an arrow. The arrow barely misses the wight.
The wight hits you but does no damage.
You shoot an arrow.
The arrow hits the wight but does no damage.
The wight is moderately damaged.
The wight hits you from afar with a +2 heavy halberd!!
Ouch! That really hurt!
You shoot an arrow. The arrow hits the wight.
The wight is heavily damaged.
You shoot an arrow.
The arrow hits the wight but does no damage.
The wight is heavily damaged.
The wight barely misses you.
You shoot an arrow. The arrow hits the wight.
The wight is heavily damaged.
The wight hits you but does no damage.
You shoot an arrow.
The arrow hits the wight but does no damage.
The wight is heavily damaged.
The wight hits you from afar with a +2 heavy halberd!!
Ouch! That really hurt!
You die...

#.################.#
...................>#.#
...................#.#
..........######..#.#
.#####....# #..... . ..
#....# #..... ... #.
#....# #.....
.....#.###....# #.....
..$....@.)....# #.....
.....#)###....# ......
..# #z #....# .......
#. ###### ........ #.
....... #. .. #. .. #.
#


You could see a wight.

Vanquished Creatures
  A scorpion (D:4)
  2 wights (D:4)
  2 orc wizards (D:3)
  Robin (D:3)
  4 adders
  2 ufetubi (D:4)
  3 dart slugs
  8 orcs
  10 ball pythons
  4 endoplasms
  5 giant cockroaches
  15 goblins
  12 hobgoblins
  13 jackals
  6 kobolds
  4 quokkas
  A bat (D:1)
  2 frilled lizards
  7 rats
102 creatures vanquished.

Notes
Turn   | Place    | Note
-------+----------+-------------------------------------------
     0 | D:1      | qw the Gargoyle Hunter began the quest for the Orb.
     0 | D:1      | Reached XP level 1. HP: 12/12 MP: 1/1
     0 | D:1      | 0 ||| qw: Version: 0.3-a-106-g2cfff9e
     0 | D:1      | 0 ||| qw: Game counter: 2075
     0 | D:1      | 0 ||| qw: Melee chars always use a shield: true
     0 | D:1      | 0 ||| qw: God list: Okawaru
     0 | D:1      | 0 ||| qw: Allow faded altars: false
     0 | D:1      | 0 ||| qw: Do Orc after clearing Dungeon:15 true
     0 | D:1      | 0 ||| qw: Do second Lair branch before Depths: true
     0 | D:1      | 0 ||| qw: Lair rune preference: random
     0 | D:1      | 0 ||| qw: Goals: Normal, Save, Zot:1-4, Win
     0 | D:1      | 0 ||| PLANNING D:1-11
    73 | D:1      | Reached XP level 2. HP: 17/17 MP: 2/2
   234 | D:1      | Reached XP level 3. HP: 13/21 MP: 3/3
   267 | D:1      | Reached skill level 5 in Ranged Weapons
   754 | D:1      | 754 ||| UPGRADING to amulet of faith.
   759 | D:1      | 759 ||| READING scroll labelled TOT SAIGAYKHE.
   762 | D:1      | 762 ||| READING scroll labelled RAJAW CUZAMIGE.
   763 | D:1      | 763 ||| DROPPING scroll of butterflies.
   876 | D:2      | Reached skill level 3 in Fighting
   897 | D:2      | Reached XP level 4. HP: 28/28 MP: 4/4
  1527 | D:2      | 1527 ||| READING scroll labelled INYLEOWYHU.
  1528 | D:2      | 1528 ||| READING scroll labelled RAIQEL QAVEE.
  1529 | D:2      | 1529 ||| READING 2 scrolls labelled MEAGHO UQECABB.
  1529 | D:2      | 1529 ||| IDENTIFYING pink potion
  1530 | D:2      | 1530 ||| READING scroll of identify.
  1530 | D:2      | 1530 ||| IDENTIFYING glowing cyan potion
  1531 | D:2      | 1531 ||| DRINKING 3 fuming silvery potions.
  1532 | D:2      | 1532 ||| DROPPING 2 potions of attraction.
  1645 | D:3      | 1645 ||| Stepping ~*~*~tactically~*~*~ (retreating).
  1648 | D:3      | 1648 ||| Stepping ~*~*~tactically~*~*~ (retreating).
  1649 | D:3      | 1649 ||| Stepping ~*~*~tactically~*~*~ (retreating).
  1650 | D:3      | 1650 ||| Stepping ~*~*~tactically~*~*~ (retreating).
  1658 | D:3      | HP: 6/28 [orc priest/divine providence (15)]
  1659 | D:3      | 1659 ||| READING scroll of teleportation.
  1660 | D:3      | 1660 ||| DRINKING potion of heal wounds.
  1727 | D:3      | Found a faded altar of an unknown god.
  1764 | D:3      | 1764 ||| FLEEEEING.
  1766 | D:3      | 1766 ||| FLEEEEING.
  1767 | D:3      | 1767 ||| FLEEEEING.
  1768 | D:3      | 1768 ||| FLEEEEING.
  1769 | D:3      | 1769 ||| FLEEEEING.
  1770 | D:3      | 1770 ||| FLEEEEING.
  1771 | D:3      | 1771 ||| FLEEEEING.
  1772 | D:3      | 1772 ||| FLEEEEING.
  1773 | D:3      | 1773 ||| FLEEEEING.
  1774 | D:3      | 1774 ||| FLEEEEING.
  1803 | D:3      | Identified the +1 helmet "Qeod" {-Tele Str+5}
  1803 | D:3      | Noticed Robin
  1824 | D:3      | Killed Robin
  1825 | D:3      | Reached XP level 5. HP: 17/32 MP: 5/5
  2059 | D:3      | Reached skill level 6 in Ranged Weapons
  2136 | D:3      | 2136 ||| DRINKING potion of curing.
  2136 | D:3      | 2136 ||| (to cure confusion)
  2245 | D:3      | Found a burning altar of Makhleb.
  2449 | D:3      | 2449 ||| READING scroll of identify.
  2449 | D:3      | 2449 ||| IDENTIFYING emerald potion
  2450 | D:3      | 2450 ||| READING scroll labelled LEEPLI FAETRE.
  2450 | D:3      | 2450 ||| ENCHANTING +0 shortbow.
  2451 | D:3      | 2451 ||| DROPPING potion of berserk rage.
  2490 | D:4      | 2490 ||| STAIRDANCE
  2495 | D:4      | 2495 ||| STAIRDANCE
  2518 | D:4      | 2518 ||| STAIRDANCE
  2526 | D:3      | 2526 ||| UPGRADING to +0 ring mail.
  2536 | D:3      | 2536 ||| DROPPING +0 leather armour.
  2540 | D:4      | 2540 ||| STAIRDANCE
  2545 | D:4      | 2545 ||| STAIRDANCE
  2554 | D:4      | 2554 ||| STAIRDANCE
  2581 | D:4      | Reached skill level 1 in Armour
  2590 | D:4      | Found a sacrificial altar of Ru.
  2636 | D:4      | Reached XP level 6. HP: 38/38 MP: 6/6
  2727 | D:4      | Reached skill level 7 in Ranged Weapons
  2730 | D:4      | HP: 1/38 [wight/+2 heavy halberd (20)]
  2734 | D:4      | Demolished by a wight

Levels and vault maps discovered:
D:1:      nzn_arrival_crosshair, layout_loops_ring
D:2:      cheibrodos_greedy_goblins, layout_loops_cross
D:3:      layout_basic, nicolae_overflow_crystal_walls,
          nicolae_ecumenical_snake_handling, kennysheep_nondescript, uniq_robin
D:4:      layout_basic, mainiacjoe_overflow_small_starburst,
          dk_yredelemnul_ordeal, mainiacjoe_overflow_large_starburst,
          kennysheep_little_box

Skill      XL: |  1  2  3  4  5  6 |
---------------+-------------------+-----
Ranged Weapons | 5 6 7 |  7.1
Fighting       | 3 4 |  4.0
Armour         | 1 |  1.0
Dodging        | |  1.5
Stealth        | |  1.1

Action                     |  1- 3 |  4- 6 || total
---------------------------+-------+-------++-------
   Fire: Shortbow          |   112 |   278 ||   390
    Use: Scroll            |     2 |     7 ||     9
         Potion            |       |     3 ||     3
 Armour: Leather armour    |    31 |    88 ||   119
         Ring mail         |       |    40 ||    40
  Dodge: Dodged            |    35 |   119 ||   154

Table legend:
 A = Non-vault XP
 B = Vault XP
 C = Vault XP percentage of total XP
 D = Non-vault monster count
 E = Vault monster count
 F = Vault count percentage of total count
                 A         B        C        D         E       F
            +---------+---------+-------+---------+---------+-------
      Total |     506 |      59 |  10.4 |      78 |      24 |  23.5
            +---------+---------+-------+---------+---------+-------
        D:1 |      61 |       0 |   0.0 |      33 |       0 |   0.0
        D:2 |      44 |      18 |  29.0 |      18 |       9 |  33.3
        D:3 |     124 |      41 |  24.8 |      17 |      15 |  46.9
        D:4 |     277 |       0 |   0.0 |      10 |       0 |   0.0
            +---------+---------+-------+---------+---------+-------
